 Dungeon Crawl Stone Soup version 0.18-a0-801-gb01a236 (webtiles) character file.

102 Raultor the Skirmisher (level 4, -1/40 HPs)
             Began as a Draconian Fighter on Dec 14, 2015.
             Killed from afar by an orc wizard (14 damage)
             ... with a puff of flame
             ... on level 4 of the Dungeon.
             The game lasted 00:04:28 (2042 turns).

Raultor the Skirmisher (Draconian Fighter)          Turns: 2042, Time: 00:04:28

Health: -1/40      AC:  6    Str: 19    XL:     4   Next: 50%
Magic:  13/13      EV: 10    Int:  8    God:
Gold:   214        SH:  9    Dex: 11    Spells: 0 memorised, 3 levels left

rFire  . . .     SeeInvis .     a - +0 flail
rCold  . . .     Clarity  .     (armour unavailable)
rNeg   . . .     SustAt   .     b - +0 shield
rPois  .         Gourm    .     (helmet restricted)
rElec  .         Spirit   .     (no cloak)
rCorr  .         Dismiss  .     (no gloves)
rMut   .         Stasis   .     u - +0 pair of boots
MR     .....                    (no amulet)
Stlth  ..........               k - ring of loudness (curse) {Stlth-}
                                p - ring of magical power {MP+9}

@: not resistant to hostile enchantments, extremely unstealthy
A: unfitting armour, cold-blooded, AC +5
a: no special abilities


You were on level 4 of the Dungeon.
You were not hungry.

You visited 1 branch of the dungeon, and saw 4 of its levels.

You collected 214 gold pieces.

Inventory:

Hand Weapons
 a - a +0 flail (weapon)
Armour
 b - a +0 shield (worn)
 u - a +0 pair of boots (worn)
   (You found it on level 3 of the Dungeon)
Jewellery
 h - an uncursed ring of positive energy {rN+}
   (You found it on level 1 of the Dungeon)
 k - a cursed ring of loudness (right hand) {Stlth-}
   (You found it on level 1 of the Dungeon)
 p - a ring of magical power (left hand) {MP+9}
   (You found it on level 2 of the Dungeon)
Wands
 s - a wand of confusion (22)
   (You found it on level 3 of the Dungeon)
Scrolls
 e - 4 scrolls of remove curse {unknown}
 g - 3 scrolls of identify {unknown}
 q - 2 scrolls of blinking {unknown}
 r - a scroll of magic mapping {unknown}
 t - a scroll of random uselessness {unknown}
Potions
 c - 2 potions of might
 f - 2 potions of cancellation {unknown}
 j - 3 potions of curing {unknown}
 l - 4 potions of heal wounds {unknown}
 n - a potion of ambrosia {unknown}
Books
 o - a book of Fire
   (You found it on level 3 of the Dungeon)
Comestibles
 d - 2 bread rations {@e1}
 i - 3 beef jerkies
 m - a meat ration {@e2}
 v - 3 fruits


   Skills:
 + Level 4.0 Fighting
 * Level 3.4 Maces & Flails
 + Level 3.2 Dodging
 + Level 3.4 Shields


You had 3 spell levels left.
You didn't know any spells.

Dungeon Overview and Level Annotations

Branches:
Dungeon (4/15)
 Temple: D:4-7

Altars:
Dithmenos
Qazlal
Ru


Innate Abilities, Weirdness & Mutations

Your plain brown scales are hard (AC +5).
Your body does not fit into most forms of armour.
You are cold-blooded and may be slowed by cold attacks.


Message History

i - 3 beef jerkies (gained 1)
v - 3 fruits You open the door.
There is an open door here.
You open the door.
There is an open door here.
An ooze comes into view.
A giant newt comes into view.
You block the ooze's attack.
You hit the ooze. The ooze hits you but does no damage.
The giant newt closely misses you.
You hit the ooze. You block the ooze's attack.
The giant newt barely misses you.
You hit the ooze but do no damage. You block the ooze's attack.
The giant newt barely misses you. The ooze closely misses you.
You thump the ooze!
You kill the ooze!
You have reached level 4!
You feel stronger. You block the giant newt's attack. The giant newt bites you.
You regained 5 hp, and now have 38/40 hp.
MP restored: 13 You miss the giant newt.
You tail-slap the giant newt. You block the giant newt's attack.
You miss the giant newt. You tail-slap the giant newt.
You kill the giant newt!
No target in view!
No target in view!
No target in view!
You see here a giant newt corpse.
You butcher the giant newt corpse.
w - a chunk of flesh {@w0} Eating a chunk of flesh {@w0}.
You continue eating. x2
A giant newt comes into view.
Found a stone staircase leading down.
Health restored: 40 You miss the giant newt.
Your tail-slap misses the giant newt.
The giant newt bites you. You block the giant newt's attack.
You take 1 damage, and have 39/40 hp.
Your shield prevents you from hitting the giant newt.
You block the giant newt's attack.
You completely miss the giant newt. The giant newt barely misses you.
The giant newt misses you.
Health restored: 40 You sock the giant newt!
You kill the giant newt!
No target in view!
No target in view!
No target in view!
You see here a giant newt corpse.
An orc comes into view. It is wielding a hand axe.
The orc shouts!
An orc wizard comes into view. It is wielding a dagger.
The orc wizard shouts!
You barely miss the orc. You block the orc's attack.
An orc wizard comes into view. It is wielding a dagger.
The orc wizard shouts!
You thump the orc!
You kill the orc!
The orc wizard moves out of view.
The orc wizard gestures wildly while chanting.
The orc wizard seems to speed up.
You barely miss the orc wizard.
The orc wizard hits you but does no damage. x2
You hit the orc wizard.
The orc wizard points at you and mumbles some strange words.
The puff of flame hits you! You block the orc wizard's attack.
You take 10 damage, and have 30/40 hp.
MASSIVE DAMAGE!!
You hit the orc wizard. You block the orc wizard's attack.
The orc wizard hits you but does no damage.
You block the orc wizard's attack.
You barely miss the orc wizard. You tail-slap the orc wizard.
The orc wizard miscasts a cantrip.
The orc wizard casts a spell at you. The puff of flame hits you!
You block the orc wizard's attack. The orc wizard hits you with a dagger!
You take 14 damage, and have 16/40 hp.
MASSIVE DAMAGE!!
You hit the orc wizard.
Your tail-slap misses the orc wizard.
The orc wizard barely misses you. x2
You block the orc wizard's attack.
You closely miss the orc wizard.
The orc wizard hits you but does no damage. x2
You block the orc wizard's attack.
You hit the orc wizard.
You kill the orc wizard!
Your Fighting skill increases to level 4!
The orc wizard hits you with a dagger.
The orc wizard hits you but does no damage.
You take 1 damage, and have 15/40 hp.
You hit the orc wizard.
The orc wizard casts a cantrip, but nothing happens.
You closely miss the orc wizard. The orc wizard hits you with a dagger.
You take 2 damage, and have 13/40 hp.
You hit the orc wizard.
The orc wizard points at you and mumbles some strange words.
The puff of flame hits you!
You die...

.....#### #...#
#....#..###...#
#....#........##
#....+>........#
#....#.........#
####....#.........# #
...........+.....## ..#
####....#..†###..##...)#
####....#.......@).....#
........#........o.....#
........#######..##....#
.............##..# ....#
.............#.!.+ ...#
.............#...# ..#
.............#...# #
....####.....#...# ....#
#######


You could see an orc wizard.

Vanquished Creatures
  An orc wizard (D:4)
  2 adders (D:3)
  An ooze (D:4)
  A worm (D:2)
  An orc (D:4)
  4 ball pythons
  3 giant cockroaches
  3 goblins (D:1)
  4 hobgoblins
  4 jackals (D:3)
  3 kobolds
  A quokka (D:3)
  3 bats
  2 giant geckos (D:1)
  3 giant newts
  15 rats
51 creatures vanquished.

Notes
Turn   | Place    | Note
--------------------------------------------------------------
     0 | D:1      | Raultor the Draconian Fighter began the quest for the Orb.
     0 | D:1      | Reached XP level 1. HP: 19/19 MP: 1/1
   391 | D:1      | Reached XP level 2. HP: 26/26 MP: 2/2
   906 | D:2      | Found a sacrificial altar of Ru.
  1284 | D:2      | Found a stormy altar of Qazlal.
  1333 | D:2      | Reached XP level 3. HP: 33/33 MP: 3/3
  1410 | D:3      | Reached skill level 3 in Dodging
  1664 | D:3      | Found a shadowy altar of Dithmenos.
  1674 | D:3      | Reached skill level 3 in Maces & Flails
  1989 | D:4      | Reached XP level 4. HP: 40/40 MP: 4/4
  2039 | D:4      | Reached skill level 4 in Fighting
  2042 | D:4      | Killed from afar by an orc wizard

Vault maps used:
D:1:      scummos_arrival_checkerplants, hangedman_glass_teeth
D:2:      nicolae_qazlal_eye_of_the_storm, nicolae_ru_awakened_eye
D:3:      grunt_dithmenos_smoke
D:4:      nicolae_gozag_seed_capital, first_bread, lightli_minifort

Action                   |  1- 3 |  4- 6 || total
-------------------------+-------+-------++-------
Melee: Flail             |   147 |    18 ||   165
  Eat: Chunk             |     3 |     1 ||     4

Vault maps used:
D:1:      scummos_arrival_checkerplants, hangedman_glass_teeth
D:2:      nicolae_qazlal_eye_of_the_storm, nicolae_ru_awakened_eye
D:3:      grunt_dithmenos_smoke
D:4:      nicolae_gozag_seed_capital, first_bread, lightli_minifort

Table legend:
 A = Turns spent in this place as a percentage of turns spent in the entire game.
 B = Non-inter-level travel turns spent in this place as a percentage of non-inter-level travel turns spent in the entire game.
 C = Inter-level travel turns spent in this place as a percentage of turns spent in this place.
 D = Turns resting spent in this place as a percentage of non-inter-level travel turns spent in this place.
 E = Turns spent auto-exploring this place as a percentage of non-inter-level travel turns spent in this place.
 F = Non-inter-level travel turns spent in this place divided by the number of levels of this place that you've seen.
                   A       B       C       D       E      F
               +-------+-------+-------+-------+-------+----------------------
         Total | 100.0 | 100.0 |   0.7 |   1.4 |  17.4 | 103.5
       Dungeon | 100.0 | 100.0 |   0.7 |   1.4 |  17.4 | 103.5
               +-------+-------+-------+-------+-------+----------------------

Table legend:
 A = Kills in this place as a percentage of kills in entire the game.
 B = Kills by you in this place as a percentage of kills by you in the entire game.
 C = Kills by friends in this place as a percentage of kills by friends in the entire game.
 D = Other kills in this place as a percentage of other kills in the entire game.
 E = Experience gained in this place as a percentage of experience gained in the entire game.
 F = Experience gained in this place divided by the number of levels of this place that you have seen.
                   A       B       C       D       E      F
               +-------+-------+-------+-------+-------+----------------------
         Total | 100.0 | 100.0 |  -nan |  -nan | 100.0 |  36.8
       Dungeon | 100.0 | 100.0 |  -nan |  -nan | 100.0 |  36.8
               +-------+-------+-------+-------+-------+----------------------
